 Dungeon Crawl Stone Soup version 0.31-a0-620-gd1cbd99268 (webtiles) character file.

Game seed: 6884568197302396667

1 RepHenryClay the Sneak (level 1, 0/28 HPs)
             Began as a Minotaur Delver on Aug 24, 2023.
             Slain by a hobgoblin zombie (1 damage)
             ... in an ossuary.
             The game lasted 00:00:48 (68 turns).

RepHenryClay the Sneak (Minotaur Delver)              Turns: 68, Time: 00:00:49

Health: 0/28       AC: 20    Str: 16    XL:     1   Next: 16%
Magic:  0/0        EV:  2    Int:  7    God:
Gold:   15         SH:  0    Dex: 11    Spells: 0/0 levels left

rFire   . . .        a - +0 mace
rCold   . . .        (no shield)
rNeg    . . .        b - melded +0 leather armour
rPois   +            (helmet currently unavailable)
rElec   .            (cloak currently unavailable)
rCorr   .            (gloves currently unavailable)
SInv    .            (boots currently unavailable)
Will    .....        (no amulet)
Stlth   ++           (no ring)
HPRegen 0.24/turn    (no ring)
MPRegen 0.07/turn

%: no passive effects
@: tree-form
A: stationary, stasis, torment immunity, boosted hp, (horns 2), (retaliatory
headbutt)
a: no special abilities


You were in an ossuary.
You were a tree.
You visited 1 branch of the dungeon, and saw 2 of its levels.
You also visited: Ossuary.

You collected 15 gold pieces.

Inventory:

Hand Weapons
 a - a +0 mace (weapon)
Armour
 b - a +0 leather armour (melded)
Wands
 g - a wand of digging (3)
Scrolls
 c - a scroll of fog
 d - a scroll of revelation
 e - a scroll of fear
Potions
 f - a potion of haste
 h - a potion of ambrosia


   Skills:
 - Level 3.6 Fighting
 + Level 2.5 Maces & Flails
 + Level 0.2 Armour
 - Level 2.1 Dodging
 - Level 4.1 Stealth


You couldn't memorise any spells.
You didn't know any spells.
Your spell library was empty.

Dungeon Overview and Level Annotations

Branches:
Dungeon (5/15)            Ossuary (1/1)
 Temple: D:4-7

Altars:

Shops:
D:4 [


Innate Abilities, Weirdness & Mutations

You are a tree.
Your roots penetrate the ground, keeping you stationary.
You cannot be teleported.
You are immune to unholy pain and torment.
Your maximum health is greatly increased.
Your equipment is partially melded.
((You have a pair of horns on your head.))
((You reflexively headbutt those who attack you in melee.))


Message History

No target in view!
There is a sand-covered staircase here.
The world spins around you as you enter the gateway.
You enter an ossuary!
Found a gate leading back out of this place.
There is an empty arch of ancient stone here.
A hobgoblin zombie comes into view.
There is a gate leading back out of this place here.
It was a potion of ambrosia.
You are confused.
You feel invigorated.
It was a potion of curing.
You feel better.
You feel less invigorated.
It was a potion of lignification.
You turn into a tree.
Your +0 leather armour melds into your body.
Your roots penetrate the ground.
The hobgoblin zombie hits you but does no damage.
You hit the hobgoblin zombie.
The hobgoblin zombie is lightly damaged.
The hobgoblin zombie hits you but does no damage. x2
You barely miss the hobgoblin zombie. Your punch misses the hobgoblin zombie.
The hobgoblin zombie is lightly damaged.
The hobgoblin zombie hits you but does no damage. x2
You barely miss the hobgoblin zombie.
The hobgoblin zombie hits you but does no damage. x3
You hit the hobgoblin zombie.
The hobgoblin zombie is severely damaged.
The hobgoblin zombie hits you but does no damage. x3
The mummy hits you but does no damage.
You hit the hobgoblin zombie.
The hobgoblin zombie is moderately damaged.
The hobgoblin zombie hits you but does no damage. x3
You hit the hobgoblin zombie but do no damage.
The hobgoblin zombie is severely damaged.
The mummy hits you! The mummy hits you but does no damage. The mummy hits you!
* * * LOW HITPOINT WARNING * * *
The hobgoblin zombie hits you but does no damage.
The hobgoblin zombie hits you.
* * * LOW HITPOINT WARNING * * *
The hobgoblin zombie hits you.
You die...

##.^...##
....^..
##.^...##
.......
#.....#
#..^..#
#.ZZZ.#
#..♣..#
#.MMM.#
#..∩..#
#.....#
#.....#
#.....#
#.....#
##...##
#####


You could see 3 mummies and 3 hobgoblin zombies.

Vanquished Creatures
  A goblin (D:4)
1 creature vanquished.

Notes
Turn   | Place    | Note
-------+----------+-------------------------------------------
     0 | D:5      | RepHenryClay the Minotaur Delver began the quest for the
                  | Orb.
     0 | D:5      | Reached XP level 1. HP: 19/19 MP: 0/0
    32 | D:4      | Found Onirevaw's Antique Armour Shoppe.
    46 | D:4      | Found a sand-covered staircase.
    57 | Ossuary  | Entered an ossuary
    68 | Ossuary  | HP: 1/28 [hobgoblin zombie (3)]
    68 | Ossuary  | Slain by a hobgoblin zombie

Illustrated notes

Levels and vault maps discovered:
D:4:      layout_rooms, mainiacjoe_overflow_swirl, minmay_temple_entry_tees,
          serial_shops, shop, nicolae_shop_rolling_square,
          nicolae_shop_hallway_plus, shop, nicolae_ossuary_entry_monument,
          hangedman_abyss_or_decor_lesser_grid
D:5:      layout_basic, minmay_joined_circles
Ossuary:  ossuary_the_hunt_dpeg

Action                     || total
---------------------------++-------
  Melee: Mace              ||     7
    Use: Potion            ||     3
 Armour: Skin              ||    17
  Dodge: Dodged            ||     1

Table legend: (Time is in decaauts)
 A = Elapsed time spent in this place.
 B = Non-inter-level travel time spent in this place.
 C = Inter-level travel time spent in this place.
 D = Time resting spent in this place.
 E = Time spent auto-exploring this place.
 F = Levels seen in this place.
 G = Mean time per level.
                   A        B        C        D        E       F      G
               +--------+--------+--------+--------+--------+-----+--------+
         Total |     69 |     57 |     12 |      0 |     17 |   3 |   23.0 |
       Dungeon |     57 |     45 |     12 |      0 |     17 |   2 |   28.5 |
       Ossuary |     12 |     12 |      0 |      0 |      0 |   1 |   12.0 |
               +--------+--------+--------+--------+--------+-----+--------+

Top non-repeatable levels by time:
     D:5: 32 daAuts
     D:4: 25 daAuts
 Ossuary: 12 daAuts
